 Dungeon Crawl Stone Soup version 0.31-a0-1576-ga3383bade6 (webtiles) character file.

Game seed: 17206999398556020553

27405 senseless the Grappler (level 13, -1/140 HPs)
             Began as a Troll Shapeshifter on Jan 4, 2024.
             Was a High Priest of Hepliaklqana.
             Slain by a five-headed hydra (4 damage)
             ... on level 3 of the Lair of Beasts on Jan 8, 2024.
             The game lasted 00:50:44 (12080 turns).

senseless the Grappler (Troll Shapeshifter)        Turns: 12080, Time: 00:50:45

Health: -1/140     AC:  9    Str: 30    XL:     13   Next: 4%
Magic:  12/12      EV: 13    Int:  6    God:    Hepliaklqana [*****.]
Gold:   589        SH:  0    Dex: 13    Spells: 11/12 levels left

rFire   . .          .
                       - Unarmed
rCold   . . .        (shield currently unavailable)
rNeg    + . .        w - melded +2 troll leather armour
rPois   +            (helmet currently unavailable)
rElec   .            b - melded +1 cloak
rCorr   .            (gloves unavailable)
SInv    .            (boots unavailable)
Will    .....        o - amulet of regeneration
Stlth   +            x - ring of positive energy
HPRegen 2.03/turn    U - ring of poison resistance
MPRegen 0.13/turn

%: no passive effects
@: snake-form
A: constrict, boosted hp, reduced essence, large, unfitting armour, (claws 3),
regeneration 1, (shaggy fur 1), (tough skin 1)
a: Begin Untransformation, Renounce Religion, Recall Ancestor, Ancestor
Identity, Transference, Idealise


You were on level 3 of the Lair of Beasts.
You worshipped Hepliaklqana.
Hepliaklqana was extremely pleased with you.
You were an enormous serpent.
You visited 3 branches of the dungeon, and saw 16 of its levels.

You collected 1604 gold pieces.
You spent 1015 gold pieces at shops.

Inventory:

Hand Weapons
 a - a +0 heavy arbalest
 r - a +5 flail
 A - a +3 long sword of holy wrath
 V - a +5 heavy war axe
Missiles
 l - 8 poisoned darts
 J - 2 atropa-tipped darts
Armour
 b - a +1 cloak (melded)
 p - a +2 robe of fire resistance
 w - a +2 troll leather armour (melded)
 B - a +2 robe of willpower
Jewellery
 o - an amulet of regeneration (around neck)
 x - a ring of positive energy (left hand)
 U - a ring of poison resistance (right hand)
Talismans
 c - a beast talisman
 d - a flux talisman
 y - a serpent talisman (active)
Wands
 m - a wand of roots (17)
 v - a wand of flame (34) (quivered)
 z - a wand of digging (1)
 D - a wand of light (8)
 E - a wand of polymorph (6)
 H - a wand of paralysis (9)
Scrolls
 g - 8 scrolls of teleportation
 i - 2 scrolls of poison
 t - a scroll of amnesia
 C - 4 scrolls of fog
 G - 2 scrolls of revelation
 M - a scroll of torment
 N - 2 scrolls of fear
 S - a scroll of vulnerability
 T - 2 scrolls of blinking
Potions
 e - 3 potions of haste
 f - 2 potions of resistance
 j - 4 potions of brilliance
 k - 3 potions of curing
 n - 2 potions of heal wounds
 q - 3 potions of lignification
 s - 2 potions of ambrosia
 u - 2 potions of magic
 F - 2 potions of enlightenment
 I - 2 potions of attraction
 K - 2 potions of invisibility
 L - a potion of cancellation
 O - 2 potions of might
 P - a potion of berserk rage
 Q - 5 potions of mutation
Miscellaneous
 h - a phial of floods


   Skills:
 + Level 9.5 Fighting
 + Level 9.7 Dodging
 + Level 11.7 Unarmed Combat
 + Level 10.8 Shapeshifting


You had 11 spell levels left.
You knew the following spells:

 Your Spells              Type           Power      Damage    Failure   Level
a - Apportation           Tloc           0%         N/A       45%         1

Your spell library contained the following spells:

 Spells                   Type           Power      Damage    Failure   Level
 Magic Dart               Conj           0%         1d3       45%         1
 Slow                     Hex            0%         N/A       45%         1
 Blink                    Tloc           0%         N/A       58%         2
 Call Imp                 Summ           0%         N/A       58%         2
 Jinxbite                 Hex            0%         N/A       58%         2
 Searing Ray              Conj           0%         2d4       58%         2
 Sublimation of Blood     Necr           0%         N/A       58%         2
 Stone Arrow              Conj/Erth      0%         3d7       83%         3
 Tukima's Dance           Hex            0%         N/A       83%         3
 Animate Armour           Summ/Erth      0%         N/A       99%         4
 Brom's Barrelling Bould  Conj/Erth      0%         2d3       99%         4
 Dimensional Bullseye     Hex/Tloc       0%         N/A       99%         4
 Fulminant Prism          Conj/Alch      0%         3d5       99%         4
 Iskenderun's Mystic Bla  Conj/Tloc      0%         2d3       99%         4
 Petrify                  Alch/Erth      0%         N/A       99%         4
 Alistair's Intoxication  Alch           0%         N/A       100%        5
 Fireball                 Conj/Fire      0%         3d3       100%        5
 Irradiate                Conj/Alch      0%         3d11      100%        5
 Iskenderun's Battlesphe  Conj           0%         2d6       100%        5
 Conjure Ball Lightning   Conj/Air       0%         3x3d6     100%        6
 Orb of Destruction       Conj           0%         9d5       100%        7
 Lehudib's Crystal Spear  Conj/Erth      0%         10d2      100%        8


Dungeon Overview and Level Annotations

Branches:
Dungeon (11/15)            Temple (1/1) D:4            Lair (4/5) D:10
 Shoals (0/4) Lair:2        Snake (0/4) Lair:2          Orc (0/2) D:9
  Slime: Lair:4-5

Altars:
Ashenzari
Cheibriados
Dithmenos
Elyvilon
Fedhas
Gozag
Hepliaklqana
Kikubaaqudgha
Makhleb
Nemelex Xobeh
Okawaru
Qazlal
Ru
Sif Muna
Trog
Uskayaw
Vehumet
Wu Jian
Xom
Yredelemnul
Zin
The Shining One

Shops:
D:3 [*:   D:4 (   D:5 *   D:7 (

Annotations:
D:11 Gastronok, Sonja


Innate Abilities, Weirdness & Mutations

You are an enormous serpent.
You have a powerful constriction melee attack.
Your maximum health is increased.
Your armour is entirely melded.
You are incapable of wielding weapons or throwing items.
Your life essence is reduced to manifest your ancestor. (-10% HP)
You are too large for most types of armour.
((You have claws for hands.))
Your natural rate of healing is unusually fast.
((You are covered in fur. (AC +1)))
((You have tough skin. (AC +1)))


Message History

The fire crab breathes flames at you. The blast of flame engulfs you.
* * * LOW HITPOINT WARNING * * *
You are engulfed in blazing flames.
* * * LOW HITPOINT WARNING * * *
The five-headed hydra is engulfed in blazing flames.
The five-headed hydra attacks as it pursues you!
The five-headed hydra bites you but does no damage. x3
The five-headed hydra bites you!
* * * LOW HITPOINT WARNING * * *
The five-headed hydra bites you.
* * * LOW HITPOINT WARNING * * *
There is a stone staircase leading up, spattered with blood here.
You are engulfed in blazing flames.
* * * LOW HITPOINT WARNING * * *
The five-headed hydra is engulfed in blazing flames.
The five-headed hydra barely misses you.
The five-headed hydra misses you.
The five-headed hydra bites you but does no damage.
The five-headed hydra barely misses you. x2
You climb upwards.
There is a stone staircase leading down here.
You feel much better.
The five-headed hydra bites you but does no damage. x2
The five-headed hydra bites you.
* * * LOW HITPOINT WARNING * * *
The five-headed hydra bites you.
* * * LOW HITPOINT WARNING * * *
The five-headed hydra bites you but does no damage.
You barely miss the five-headed hydra.
The five-headed hydra is heavily wounded.
You lash the five-headed hydra!
The five-headed hydra is severely wounded.
The five-headed hydra bites you but does no damage.
The five-headed hydra bites you!
* * * LOW HITPOINT WARNING * * *
The five-headed hydra bites you.
* * * LOW HITPOINT WARNING * * *
The five-headed hydra bites you.
You die...

### ## ### ### #P## #.##.# #.# ##
######..####...# #.## #######.
#..##..###.P..D###..###..#..#.
##.PP....#...S..PP..........## #
##.................##.......## ##
#.#..............#####.....##
.#####..............## #......#
...##P.<.PP#.P.......###......#
....#.....PP..........#.......#
#..................#..........###
................#P..#.........##.
................####.............


You could see a five-headed hydra.

Vanquished Creatures
  Erolcha (D:10)
  3 death yaks (Lair:2)
  2 skysharks
  Pikel (D:8)
  A phantasmal warrior (Lair:1)
  2 manticores (Lair:2)
  A salamander (Lair:2)
  4 black mambas
  7 cane toads
  2 gargoyles
  4 rime drakes
  4 komodo dragons
  2 polar bears
  3 trolls
  4 blink frogs
  Sigmund (D:4)
  A vampire (D:8)
  2 wyverns
  A shadow (D:10)
  30 yaks
  Eustachio (D:4)
  2 humans
  2 basilisks
  2 vampire mosquitoes
  8 water moccasins
  4 orc warriors
  A black bear (Lair:1)
  An ice beast (D:7)
  13 wolves (Lair:1)
  A phantom (D:6)
  3 centaurs
  2 lemures
  2 bullfrogs
  3 scorpions
  5 wights (D:10)
  3 killer bees (D:5)
  2 bombardier beetles
  A hexer (Lair:2)
  2 howler monkeys (D:8)
  A lava snake (Lair:2)
  2 hounds
  3 jellies
  7 orc priests
  A gnoll bouda (D:8)
  Crazy Yiuf (D:2)
  Ijyb (D:4)
  4 iguanas
  13 orc wizards
  5 adders
  2 gnolls (D:8)
  A shadow imp (D:8)
  4 dart slugs
  5 ribbon worms
  15 orcs
  6 endoplasms
  4 giant cockroaches
  10 goblins
  5 hobgoblins
  5 jackals
  4 quokkas
  11 ball pythons
  5 bats
  4 frilled lizards
  9 kobolds
  8 rats
270 creatures vanquished.

Vanquished Creatures (collateral kills)
  A catoblepas (Lair:3)
  A death yak (Lair:2)
  Maurice (D:9)
  A troll (D:7)
  A hornet (D:8)
  A blink frog (Lair:2)
  6 yaks
  A wyvern (Lair:3)
  A vampire mosquito (D:11)
  2 orc warriors (D:9)
  A lemure (D:9)
  A bullfrog (Lair:3)
  A lava snake (Lair:2)
  An orc priest (D:9)
  A jelly (D:7)
  3 orc wizards
  A sleepcap (D:7)
  A gnoll (D:8)
  10 orcs
36 creatures vanquished.

Vanquished Creatures (others)
  An orc wizard (D:9)
  3 hexers
4 creatures vanquished.

Grand Total: 310 creatures vanquished

Notes
Turn   | Place    | Note
-------+----------+-------------------------------------------
     0 | D:1      | senseless the Troll Shapeshifter began the quest for the
                  | Orb.
     0 | D:1      | Reached XP level 1. HP: 18/18 MP: 0/0
   204 | D:1      | Reached skill level 1 in Fighting
   235 | D:1      | Reached XP level 2. HP: 27/27 MP: 1/1
   622 | D:1      | Reached XP level 3. HP: 33/33 MP: 2/2
   889 | D:2      | Found a burning altar of Makhleb.
  1109 | D:2      | Found a runed translucent door.
  1110 | D:2      | Noticed Crazy Yiuf
  1594 | D:2      | Killed Crazy Yiuf
  1595 | D:2      | Reached XP level 4. HP: 42/42 MP: 3/3
  1686 | D:3      | Found Reiliosh's Armour Boutique.
  1722 | D:3      | Found Urroeciu's Distillery.
  1730 | D:3      | Found Havvoafi's General Store.
  1742 | D:3      | Bought a potion of heal wounds for 55 gold pieces
  1811 | D:3      | Found Guwimada's Book Emporium.
  1906 | D:3      | Found a broken altar of Ashenzari.
  1992 | D:3      | Found an iron altar of Okawaru.
  2034 | D:3      | Found a faded altar of an unknown god.
  2124 | D:3      | Found Xifodun's Jewellery Shop.
  2515 | D:3      | Reached XP level 5. HP: 22/49 MP: 4/4
  2656 | D:4      | Found a staircase to the Ecumenical Temple.
  2662 | D:4      | Identified the +1 hand axe of Compassion {flame, rC+ Dex+4}
  2689 | D:4      | Reached skill level 4 in Unarmed Combat
  2720 | D:4      | Noticed Eustachio
  2761 | D:4      | Killed Eustachio
  2762 | D:4      | Reached XP level 6. HP: 42/59 MP: 5/5
  2826 | D:4      | Found Ygauc's Antique Weapon Shoppe.
  2936 | D:4      | Found a snail-covered altar of Cheibriados.
  2937 | D:4      | Noticed Ijyb
  2951 | D:4      | Killed Ijyb
  3060 | D:4      | Found a sacrificial altar of Ru.
  3133 | D:4      | Noticed Sigmund
  3160 | D:4      | Killed Sigmund
  3161 | D:4      | Reached XP level 7. HP: 65/67 MP: 6/6
  3214 | D:4      | Found a glowing silver altar of Zin.
  3214 | D:4      | Noticed an angel
  3229 | D:4      | You fall into a shaft and drop 2 floors!
  3241 | D:6      | Reached skill level 5 in Unarmed Combat
  3251 | D:5      | Entered Level 5 of the Dungeon
  3251 | D:5      | Found Muyp's Assorted Antiques.
  3290 | D:5      | Reached skill level 5 in Shapeshifting
  3324 | D:5      | Bought a scroll of identify for 48 gold pieces
  3324 | D:5      | Bought a bubbling pink potion for 21 gold pieces
  3686 | Temple   | Entered the Ecumenical Temple
  3706 | Temple   | Became a worshipper of Hepliaklqana the Forgotten
  3927 | D:5      | Found a radiant altar of Vehumet.
  3927 | D:5      | Found a stormy altar of Qazlal.
  4005 | D:5      | Found an ornate altar of the Wu Jian Council.
  4400 | D:6      | Identified a scroll of acquirement
  4400 | D:6      | Acquired 763 gold pieces
  4497 | D:6      | Reached XP level 8. HP: 78/78 MP: 7/7
  4702 | D:6      | Reached * piety under Hepliaklqana
  4976 | D:7      | Reached skill level 6 in Unarmed Combat
  4976 | D:7      | Noticed a troll
  5010 | D:7      | Killed a troll
  5073 | D:7      | Reached skill level 5 in Dodging
  5121 | D:7      | Found a blossoming altar of Fedhas.
  5212 | D:7      | Reached ** piety under Hepliaklqana
  5213 | D:7      | Remembered your ancestor Shedsu-nefertum as a hexer
  5217 | D:7      | Noticed a troll
  5223 | D:7      | Killed a troll
  5224 | D:7      | Reached XP level 9. HP: 46/78 MP: 8/8
  5249 | D:7      | Found Atowk's Antique Weapon Shoppe.
  5293 | D:7      | Reached skill level 5 in Fighting
  5712 | D:3      | Bought a serpent talisman for 330 gold pieces
  5883 | D:8      | Found a shimmering blue altar of Sif Muna.
  5885 | D:8      | Reached skill level 7 in Unarmed Combat
  6054 | D:8      | Reached *** piety under Hepliaklqana
  6125 | D:8      | Learned a level 1 spell: Apportation
  6206 | D:8      | Got Sif Muna's Elucidation of Execration
  6737 | D:9      | Found a staircase to the Orcish Mines.
  6747 | D:9      | Reached XP level 10. HP: 53/88 MP: 9/9
  6761 | D:9      | Reached skill level 8 in Unarmed Combat
  6821 | D:9      | Noticed Pikel
  6849 | D:8      | Killed Pikel
  7140 | D:9      | Noticed Maurice
  7148 | D:9      | Killed Maurice
  7429 | D:10     | Entered Level 10 of the Dungeon
  7522 | D:10     | Reached **** piety under Hepliaklqana
  7531 | D:10     | Found a staircase to the Lair.
  7536 | D:10     | Reached skill level 9 in Unarmed Combat
  7614 | D:10     | Noticed a gargoyle
  7621 | D:10     | Killed a gargoyle
  7668 | D:10     | Reached XP level 11. HP: 98/98 MP: 10/10
  7999 | D:10     | Noticed Erolcha
  8000 | D:10     | Paralysed by Erolcha for 4 turns
  8007 | D:10     | Paralysed by Erolcha for 3 turns
  8014 | D:10     | Killed Erolcha
  8478 | D:3      | Bought a potion of might for 44 gold pieces
  8478 | D:3      | Bought a potion of berserk rage for 55 gold pieces
  8478 | D:3      | Bought 2 potions of mutation for 176 gold pieces
  8478 | D:3      | Bought a potion of haste for 110 gold pieces
  8478 | D:3      | Bought a potion of mutation for 88 gold pieces
  8478 | D:3      | Bought a potion of mutation for 88 gold pieces
  8673 | D:11     | Noticed Gastronok
  8673 | D:11     | Noticed Sonja
  8745 | Lair:1   | Entered Level 1 of the Lair of Beasts
  8951 | Lair:1   | Reached skill level 10 in Unarmed Combat
  9537 | Lair:1   | Found a runed translucent door.
  9546 | Lair:1   | Noticed a phantasmal warrior
  9786 | Lair:1   | Killed a phantasmal warrior
  9787 | Lair:1   | Reached XP level 12. HP: 88/109 MP: 11/11
  9837 | Lair:2   | Reached ***** piety under Hepliaklqana
 10135 | Lair:2   | Found a staircase to the Shoals.
 10147 | Lair:2   | Reached skill level 10 in Shapeshifting
 10241 | Lair:2   | Noticed a death yak
 10242 | Lair:2   | Noticed a death yak
 10243 | Lair:2   | Noticed a death yak
 10262 | Lair:2   | Killed a death yak
 10280 | Lair:2   | Noticed a death yak
 10305 | Lair:2   | Killed a death yak
 10317 | Lair:2   | Killed a death yak
 10317 | Lair:2   | Killed a death yak
 10318 | Lair:2   | Reached skill level 11 in Unarmed Combat
 10509 | Lair:2   | Found a staircase to the Snake Pit.
 10980 | Lair:3   | Noticed a catoblepas
 11006 | Lair:3   | Killed a catoblepas
 12015 | Lair:4   | Reached XP level 13. HP: 117/117 MP: 12/12
 12076 | Lair:4   | HP: 1/140 [fire crab] (12)]
 12080 | Lair:3   | Slain by a five-headed hydra

Illustrated notes

Levels and vault maps discovered:
D:1:      dpeg_cavernosity, layout_basic, minmay_pentomino_u2
D:2:      minmay_chambers_of_ones, layout_basic, basic_altar,
          minmay_misc_feat_square, uniq_crazy_yiuf_cottage
D:3:      layout_basic, cheibrodos_ashenzari_chains,
          mainiacjoe_overflow_concentric_impassable, serial_shops,
          nicolae_diamond_shop, nicolae_shop_rolling_square, shop,
          nicolae_square_shop, shop, shapermc_ecumenical_altar_venn
D:4:      layout_rooms, old_standard_altar, zin_angel,
          nicolae_ru_great_annihilating_truth, temple_statues, serial_shops,
          kennysheep_mini_moat, uniq_ijyb, uniq_eustachio, uniq_sigmund
D:5:      layout_basic, grunt_temple_overflow_open, nzn_wu_jian_council_hall,
          serial_shops, shop_fountains
D:6:      layout_basic, roderic_malta_cross
D:7:      layout_gridville, fedhas_bush_and_centaur_altar, serial_shops, shop,
          feat_on_display
D:8:      layout_cave_pools, led_sif_book, serial_rivers,
          chequers_serial_rivers_micro_d, chequers_serial_rivers_small_b,
          chequers_serial_rivers_micro_c, chequers_serial_rivers_small_3,
          chequers_serial_rivers_large_a
D:9:      layout_roguey, erik_orc_4, uniq_maurice, uniq_pikel
D:10:     layout_roguey, dpeg_oklobed_lair, uniq_erolcha
D:11:     layout_long_grid, uniq_gastronok, uniq_sonja
Temple:   minmay_temple_bridge_abc
Lair:1:   layout_hall_layers, pdpol_lair_cabin_in_the_woods, grunt_megastairs_3
Lair:2:   layout_small_grid, minmay_shoals_entry_beasts,
          nicolae_snake_entry_warm_welcome
Lair:3:   layout_layer_cave, st_stairs_10
Lair:4:   layout_cave_pods, beast_lair_carwin_2, uniq_josephine

Skill      XL: |  1  2  3  4  5  6  7  8  9 10 11 12 |
---------------+-------------------------------------+-----
Fighting       | 1 2 3 4 6 7 8 9 |  9.5
Dodging        | 2 3 4 5 6 7 8 9 |  9.7
Unarmed Combat | 4 5 6 7 9 10 11 | 11.7
Shapeshifting  | 4 5 6 7 8 9 10 | 10.8

Action                     |  1- 3 |  4- 6 |  7- 9 | 10-12 | 13-15 || total
---------------------------+-------+-------+-------+-------+-------++-------
  Melee: Unarmed           |   130 |   101 |   205 |   448 |    13 ||   897
         Punch             |     1 |     1 |     7 |    27 |       ||    36
         Constrict         |       |       |       |    26 |       ||    26
   Fire: Arbalest          |       |       |     3 |       |       ||     3
  Throw: Dart              |       |     4 |       |     1 |       ||     5
   Cast: Apportation       |       |       |     6 |       |       ||     6
 Invoke: Ancestor Life: He |       |       |     1 |       |       ||     1
         Recall Ancestor   |       |       |       |     1 |       ||     1
Ability: Begin Untransform |       |       |       |     1 |       ||     1
  Evoke: Wand              |       |       |       |     6 |       ||     6
    Use: Potion            |     1 |       |     2 |     3 |     1 ||     7
         Scroll            |       |     6 |    12 |     7 |       ||    25
   Stab: Sleeping          |     1 |     3 |       |       |       ||     4
         Distracted        |       |       |     1 |       |     1 ||     2
         Confused          |       |       |     2 |     5 |     1 ||     8
 Armour: Animal skin       |    63 |    77 |       |       |       ||   140
         Skin              |     3 |       |       |    82 |    48 ||   133
         Robe              |       |     4 |    76 |       |       ||    80
         Troll leather arm |       |       |    74 |   267 |       ||   341
  Dodge: Dodged            |    46 |    75 |   115 |   242 |    17 ||   495
   Form: Serpent           |       |       |       |     2 |       ||     2

Table legend: (Time is in decaauts)
 A = Elapsed time spent in this place.
 B = Non-inter-level travel time spent in this place.
 C = Inter-level travel time spent in this place.
 D = Time resting spent in this place.
 E = Time spent auto-exploring this place.
 F = Levels seen in this place.
 G = Mean time per level.
                   A        B        C        D        E       F      G
               +--------+--------+--------+--------+--------+-----+--------+
         Total |  11963 |  10713 |   1250 |    338 |   8257 |  16 |  747.7 |
       Dungeon |   8641 |   7632 |   1009 |    321 |   5755 |  11 |  785.5 |
        Temple |     40 |      2 |     38 |      0 |      0 |   1 |   40.0 |
          Lair |   3281 |   3078 |    203 |     17 |   2502 |   4 |  820.2 |
               +--------+--------+--------+--------+--------+-----+--------+

Top non-repeatable levels by time:
  Lair:3: 1201 daAuts
     D:5: 1094 daAuts
  Lair:1: 1068 daAuts
     D:3: 1043 daAuts
  Lair:2: 941 daAuts
     D:2: 927 daAuts
     D:8: 870 daAuts
    D:10: 850 daAuts
     D:7: 836 daAuts
     D:9: 786 daAuts
     D:4: 719 daAuts
     D:1: 718 daAuts
     D:6: 635 daAuts
    D:11: 158 daAuts
  Lair:4: 70 daAuts
